 Dungeon Crawl Stone Soup version 0.30-a0-845-g7c6808c8ce (webtiles) character file.

Game seed: 8442320168954419036

219 demibob the Cudgeller (level 5, -2/38 HPs)
             Began as a Demonspawn Wanderer on Mar 2, 2023.
             Was an Initiate of Fedhas.
             Slain by an ogre
             ... wielding a +0 giant club
              (28 damage)
             ... on level 5 of the Dungeon.
             The game lasted 00:03:33 (3084 turns).

demibob the Cudgeller (Demonspawn Wanderer)         Turns: 3084, Time: 00:03:34

Health: -2/38      AC: 13    Str: 13    XL:     5   Next: 63%
Magic:  5/5        EV: 14    Int: 12    God:    Fedhas [......]
Gold:   132        SH:  0    Dex: 12    Spells: 4/4 levels left

rFire   + . .      SeeInvis .    a - +2 mace (venom)
rCold   . . .      Faith    .    (no shield)
rNeg    + . .      Spirit   .    m - +6 scale mail "Ageot" {Rampage rF+ rN+ Dex-3}
rPois   .          Reflect  .    (helmet restricted)
rElec   .          Rampage  +    (no cloak)
rCorr   .                        (no gloves)
Will    .....                    n - +0 pair of boots Stlth
                                 (no amulet)
HPRegen 0.26/turn                L - ring of flight
MPRegen 0.09/turn                E - +5 ring of evasion

@: flying
A: horns 1, demonic guardian 2
a: Renounce Religion


You were on level 5 of the Dungeon.
You worshipped Fedhas.
Fedhas was noncommittal.
You visited 1 branch of the dungeon, and saw 5 of its levels.

You collected 132 gold pieces.


Innate Abilities, Weirdness & Mutations

You have a pair of small horns on your head.
A demonic guardian rushes to your aid.


   Skills:
 - Level 2.0 Fighting
 + Level 4.7 Maces & Flails
 - Level 1.0 Throwing
 + Level 2.3 Armour
 - Level 1.7 Dodging
 - Level 2.6 Unarmed Combat


You had 4 spell levels left.
You didn't know any spells.
Your spell library was empty.

Inventory:

Hand Weapons
 a - a +2 mace of venom (weapon)
Armour
 m - the +6 scale mail "Ageot" (worn) {Rampage rF+ rN+ Dex-3}
   (You found it on level 4 of the Dungeon)

   Dex:       It affects your dexterity (-3).
   rF:        It protects you from fire.
   rN:        It protects you from negative energy.
   Rampage:   It bestows one free step when moving towards enemies.
 n - a +0 pair of boots (worn)
Magical Staves
 r - a staff of fire {!a}
Jewellery
 C - a ring of ice
 E - a +5 ring of evasion (right hand)
 L - a ring of flight (left hand)
Wands
 o - a wand of flame (14)
Scrolls
 c - 3 scrolls of fear
 d - 3 scrolls of blinking
 i - 2 scrolls of identify {@r1}
 k - a scroll of teleportation {@r2}
 p - a scroll of immolation {unknown}
Potions
 b - 2 potions of heal wounds {@q2}
 e - 2 potions of brilliance {unknown}
 f - 4 potions of curing {@q1}
 g - 2 potions of flight
 h - 2 potions of cancellation
 j - a potion of might {unknown}
 l - a potion of magic {unknown}
 q - 2 potions of haste {unknown}

Dungeon Overview and Level Annotations

Branches:
Dungeon (5/15)
 Temple: D:4-7

Altars:
Fedhas

Shops:
D:2

[ .. . .## ..
#####..###. #..
#.......... ....
#..........
....?#..........
................
:.....O@........
........<.......
...........#####
..............
................
...........#####
..........##
...........
.....##...


You could see an ogre (extremely poisoned).


Message History

There is an open door here.
You see here a +0 club.
There is a blossoming altar of Fedhas here.
You hover solemnly before the altar of Fedhas.
Fedhas welcomes you!
The plants of the dungeon cease their hostilities.
(D) Dungeon
Where to? (Enter - D:4 @ (x,y), ? - help)
There is a stone staircase leading down here.
You fly downwards.
You hear the hiss of flowing sand.
There is an entrance to an ossuary on this level.
Hurry and find it before the portal is buried!
Found a scroll of fear.
There is a stone staircase leading up here.
An ogre is nearby!
Found a book of Conjurations.
You closely miss the ogre. You headbutt the ogre.
The ogre is lightly wounded.
The ogre barely misses you.
You hit the ogre but do no damage.
The ogre is poisoned.
The ogre is lightly wounded.
You hit the ogre.
The ogre looks as sick as possible!
The ogre is moderately wounded.
The ogre hits you with a +0 giant club!
You completely miss the ogre. Your headbutt misses the ogre.
The ogre is moderately wounded.
The ogre hits you with a +0 giant club!!
Ouch! That really hurt!
You die...
Fedhas appreciates your contribution to the ecosystem.

Skill      XL: |  1  2  3  4  5 |
---------------+----------------+-----
Maces & Flails | 2 3 4 |  4.7
Armour         | 1 2 |  2.3
Fighting       | |  2.0
Throwing       | |  1.0
Dodging        | |  1.7
Unarmed Combat | |  2.6

Action                     |  1- 3 |  4- 6 || total
---------------------------+-------+-------++-------
  Melee: Mace              |    65 |    67 ||   132
         Headbutt          |     6 |     8 ||    14
         Punch             |     1 |       ||     1
    Use: Scroll            |     3 |     6 ||     9
   Stab: Sleeping          |     1 |       ||     1
 Armour: Robe              |     4 |       ||     4
         Ring mail         |    18 |     7 ||    25
         Scale mail        |       |     3 ||     3
  Dodge: Dodged            |    39 |    56 ||    95

Levels and vault maps discovered:
D:1:      giann_horns, layout_rooms
D:2:      layout_loops_ring, serial_shops,
          nicolae_shop_temple_entry_statues_fountains, uniq_jessica
D:3:      layout_basic, due_unseen_surprise
D:4:      layout_basic, mainiacjoe_overflow_concentric_impassable,
          serial_curves, eino_curves_02, eino_curves_03
D:5:      layout_rooms, minmay_temple_entry_mist,
          nicolae_ossuary_entry_monument, uniq_blork_the_orc,
          uniq_crazy_yiuf_cottage

Notes
Turn   | Place    | Note
-------+----------+-------------------------------------------
     0 | D:1      | demibob the Demonspawn Wanderer began the quest for the
                  | Orb.
     0 | D:1      | demibob set off with the following items: a +1 mace, a
                  | potion of heal wounds {@q2}, a scroll of fear, a scroll of
                  | blinking, a +0 robe.
     0 | D:1      | Reached XP level 1. HP: 16/16 MP: 1/1
    11 | D:1      | Reached skill level 2 in Maces & Flails
    61 | D:1      | Gained mutation: A weak demonic guardian rushes to your
                  | aid. [demonic ancestry]
    61 | D:1      | Reached XP level 2. HP: 22/22 MP: 2/2
   561 | D:2      | Noticed Jessica
   566 | D:2      | Killed Jessica
   567 | D:2      | Reached skill level 3 in Maces & Flails
   567 | D:2      | Gained mutation: You have a pair of small horns on your
                  | head. [demonic ancestry]
   567 | D:2      | Reached XP level 3. HP: 14/27 MP: 3/3
   881 | D:2      | Found Unoofea's Armour Shoppe.
  1558 | D:3      | Reached XP level 4. HP: 33/33 MP: 4/4
  1699 | D:3      | Reached skill level 4 in Maces & Flails
  2073 | D:3      | Reached skill level 1 in Armour
  2517 | D:4      | Gained mutation: A demonic guardian rushes to your aid.
                  | [demonic ancestry]
  2517 | D:4      | Reached XP level 5. HP: 38/38 MP: 5/5
  2603 | D:4      | Found a blossoming altar of Fedhas.
  2613 | D:4      | Identified the +6 scale mail "Ageot" {Rampage rF+ rN+
                  | Dex-3}
  2652 | D:4      | Reached skill level 2 in Armour
  3051 | D:4      | Became a worshipper of Fedhas Madash
  3074 | D:5      | Entered Level 5 of the Dungeon
  3074 | D:5      | Noticed an ogre
  3084 | D:5      | Slain by an ogre

Vanquished Creatures
  A hound (D:4)
  An orc priest (D:3)
  Jessica (D:2)
  4 adders
  2 ufetubi (D:4)
  A dart slug (D:1)
  4 orcs (D:3)
  5 ball pythons
  5 endoplasms
  A giant cockroach (D:4)
  4 goblins
  7 hobgoblins
  A quokka (D:4)
  2 bats (D:2)
  A frilled lizard (D:1)
  6 kobolds
  4 rats (D:1)
50 creatures vanquished.

Vanquished Creatures (collateral kills)
  A sleepcap (D:4)
  An endoplasm (D:4)
  A quokka (D:1)
3 creatures vanquished.

Grand Total: 53 creatures vanquished

Table legend: (Time is in decaauts)
 A = Elapsed time spent in this place.
 B = Non-inter-level travel time spent in this place.
 C = Inter-level travel time spent in this place.
 D = Time resting spent in this place.
 E = Time spent auto-exploring this place.
 F = Levels seen in this place.
 G = Mean time per level.
                   A        B        C        D        E       F      G
               +--------+--------+--------+--------+--------+-----+--------+
         Total |   3110 |   2985 |    125 |    195 |   2351 |   5 |  622.0 |
       Dungeon |   3110 |   2985 |    125 |    195 |   2351 |   5 |  622.0 |
               +--------+--------+--------+--------+--------+-----+--------+

Top non-repeatable levels by time:
     D:3: 979 daAuts
     D:4: 746 daAuts
     D:2: 732 daAuts
     D:1: 641 daAuts
     D:5: 10 daAuts

Table legend:
 A = Non-vault XP
 B = Vault XP
 C = Vault XP percentage of total XP
 D = Non-vault monster count
 E = Vault monster count
 F = Vault count percentage of total count
                 A         B        C        D         E       F
            +---------+---------+-------+---------+---------+-------
      Total |     276 |      37 |  11.8 |      52 |       1 |   1.9
            +---------+---------+-------+---------+---------+-------
        D:1 |      25 |       0 |   0.0 |      15 |       0 |   0.0
        D:2 |      31 |      37 |  54.4 |      11 |       1 |   8.3
        D:3 |      90 |       0 |   0.0 |      12 |       0 |   0.0
        D:4 |     130 |       0 |   0.0 |      14 |       0 |   0.0
            +---------+---------+-------+---------+---------+-------
